 Dungeon Crawl Stone Soup version 0.31-a0-1074-g0b22e4e0f1 (webtiles) character file.

Game seed: 15807108341130194821

161 lunkers the Ruffian (level 6, -2/47 HPs)
             Began as a Meteoran Shapeshifter on Nov 30, 2023.
             Was a Believer of Jiyva.
             Slain by a gnoll
             ... wielding a +0 spear
              (7 damage)
             ... on level 4 of the Dungeon.
             The game lasted 00:02:43 (1360 turns).

lunkers the Ruffian (Meteoran Shapeshifter)         Turns: 1360, Time: 00:02:44

Health: -2/47      AC:  3    Str: 16    XL:     6   Next: 2%
Magic:  16/16      EV: 12    Int: 12    God:    Jiyva [**....]
Gold:   112        SH:  0    Dex: 15    Spells: 5/5 levels left

rFire   + .          .
                       - Unarmed
rCold   + . .        (no shield)
rNeg    . . .        h - +1 robe {rC+ rF+}
rPois   .            (helmet currently unavailable)
rElec   .            (cloak currently unavailable)
rCorr   +            (gloves currently unavailable)
SInv    .            (boots currently unavailable)
Will    .....        (no amulet)
Stlth   +            i - ring of magical power
HPRegen 1.23/turn    (no ring)
MPRegen 0.45/turn

%: no passive effects
@: beast-form, glowing
A: beast (slay +2), sense surroundings 1, otherworldly, glowing, explore regen
a: Begin Untransformation, Renounce Religion


You were on level 4 of the Dungeon.
You worshipped Jiyva.
Jiyva was pleased with you.
You were a hulking beast.
You visited 1 branch of the dungeon, and saw 4 of its levels.

You collected 112 gold pieces.

Inventory:

Armour
 a - a +0 animal skin
 g - a +0 buckler
 h - a +1 robe of resistance (worn)
 p - a +0 scale mail
 t - a +0 helmet
Jewellery
 i - a ring of magical power (left hand)
Talismans
 c - a beast talisman
 d - a flux talisman
Scrolls
 e - 2 scrolls of revelation {unknown}
 f - a scroll of acquirement {unknown}
 j - 2 scrolls of identify {unknown}
 k - a scroll of teleportation {unknown}
 n - 2 scrolls of blinking {unknown}
 o - a scroll of silence {unknown}
 q - a scroll of enchant weapon {unknown}
 r - a scroll of enchant armour {unknown}
 s - a scroll of noise {unknown}
 u - 2 scrolls of torment {unknown}
Potions
 b - a potion of lignification
 l - a potion of resistance {unknown}
 m - a potion of cancellation {unknown}
 v - 2 potions of curing {unknown}


   Skills:
 - Level 1.1 Fighting
 - Level 2.1 Dodging
 * Level 6.2 Unarmed Combat
 + Level 4.8 Shapeshifting


You had 5 spell levels left.
You didn't know any spells.
Your spell library contained the following spells:

 Spells                   Type           Power      Damage    Failure   Level
 Animate Dead             Necr           0%         N/A       97%         4
 Borgnjor's Vile Clutch   Necr/Erth      0%         N/A       100%        5
 Death Channel            Necr           0%         N/A       100%        6


Dungeon Overview and Level Annotations

Branches:
Dungeon (4/15) Zot: 1050
 Temple: D:4-7

Altars:
Jiyva


Innate Abilities, Weirdness & Mutations

You are a hulking beast.
Your limbs bulge with bestial killing power. (Slay +2)
You passively map a small area around you.
You are easily found by Zot.
You glow in the dark.
You regain HP and MP as you explore.


Message History

The gnoll hits you with a +0 halberd!
You barely miss the gnoll.
The gnoll hits you from afar with a +0 spear.
The gnoll barely misses you.
You hit the gnoll.
The gnoll is moderately wounded.
The gnoll hits you from afar with a +0 spear.
The gnoll hits you with a +0 halberd!
* * * LOW HITPOINT WARNING * * *
You punch the gnoll!
You kill the gnoll!
The gnoll hits you from afar with a +0 spear!
* * * LOW HITPOINT WARNING * * *
You have reached level 6!
You feel stronger. The gnoll barely misses you.
You see here a +0 halberd.
You barely miss the gnoll. The gnoll completely misses you.
You closely miss the gnoll. The gnoll closely misses you.
You completely miss the gnoll. The gnoll hits you with a +0 spear.
* * * LOW HITPOINT WARNING * * *
You hit the gnoll.
The gnoll is moderately wounded.
The gnoll hits you with a +0 spear.
* * * LOW HITPOINT WARNING * * *
You closely miss the gnoll.
The gnoll is moderately wounded.
Unknown command.
You hit the gnoll.
The gnoll is heavily wounded.
The gnoll hits you with a +0 spear!
* * * LOW HITPOINT WARNING * * *
You barely miss the gnoll.
The gnoll is heavily wounded.
The gnoll hits you with a +0 spear.
* * * LOW HITPOINT WARNING * * *
You hit the gnoll.
The gnoll is almost dead.
The gnoll hits you with a +0 spear!
You die...

............. ,
............ , , ,
,..........#** * , ,
..........## ,
......$....# , *
...........# *, , *
,#..........# * *
#........g.# *
#........h.## , ,
#...........#####* , ,
#........#......# , ,
...#######...##†.....!.
,, ... #...<###......
..,* #....# ..>..., ,,
* ##....#*,..... , ,
........,..... ,
*##........,....


You could see a gnoll.

Vanquished Creatures
  An iguana (D:3)
  Robin (D:3)
  3 gnolls
  3 adders
  2 worms (D:2)
  2 dart slugs
  3 orcs (D:3)
  2 bats (D:3)
  2 endoplasms
  3 giant cockroaches
  10 goblins
  7 hobgoblins
  2 jackals (D:4)
  3 quokkas
  A frilled lizard (D:2)
  7 kobolds
52 creatures vanquished.

Vanquished Creatures (others)
  An endoplasm (D:2)
1 creature vanquished.

Grand Total: 53 creatures vanquished

Notes
Turn   | Place    | Note
-------+----------+-------------------------------------------
     0 | D:1      | lunkers the Meteoran Shapeshifter began the quest for the
                  | Orb.
     0 | D:1      | Reached XP level 1. HP: 16/16 MP: 2/2
   302 | D:1      | Reached XP level 2. HP: 20/23 MP: 3/3
   313 | D:1      | Reached skill level 4 in Unarmed Combat
   453 | D:2      | Reached XP level 3. HP: 15/28 MP: 4/4
   490 | D:2      | Found a faded altar of an unknown god.
   524 | D:2      | Prayed at the altar of an unknown god.
   524 | D:2      | Became a worshipper of Jiyva Josmuesh the Shapeless
   524 | D:2      | Reached * piety under Jiyva
   622 | D:2      | Reached XP level 4. HP: 35/35 MP: 5/5
   884 | D:3      | Reached skill level 5 in Unarmed Combat
   893 | D:3      | Reached ** piety under Jiyva
  1009 | D:3      | Noticed Robin
  1190 | D:3      | Killed Robin
  1191 | D:3      | Reached XP level 5. HP: 40/40 MP: 6/6
  1322 | D:3      | Reached skill level 6 in Unarmed Combat
  1352 | D:4      | Reached XP level 6. HP: 17/47 MP: 7/7
  1360 | D:4      | Slain by a gnoll

Illustrated notes

Levels and vault maps discovered:
D:1:      mrwooster_arrival_statue_2, layout_loops_corners
D:2:      layout_loops_ring, hellmonk_ecumenical_altar_arch_garden
D:3:      layout_loops_ring, uniq_robin
D:4:      layout_rooms, temple_fountains

Skill      XL: |  1  2  3  4  5 |
---------------+----------------+-----
Unarmed Combat | 4 5 6 |  6.2
Shapeshifting  | 4 |  4.8
Fighting       | |  1.1
Dodging        | |  2.1

Action                     |  1- 3 |  4- 6 || total
---------------------------+-------+-------++-------
  Melee: Unarmed           |    65 |    88 ||   153
         Punch             |     1 |     3 ||     4
 Armour: Animal skin       |     7 |       ||     7
         Robe              |    23 |    60 ||    83
  Dodge: Dodged            |    36 |    64 ||   100

Table legend: (Time is in decaauts)
 A = Elapsed time spent in this place.
 B = Non-inter-level travel time spent in this place.
 C = Inter-level travel time spent in this place.
 D = Time resting spent in this place.
 E = Time spent auto-exploring this place.
 F = Levels seen in this place.
 G = Mean time per level.
                   A        B        C        D        E       F      G
               +--------+--------+--------+--------+--------+-----+--------+
         Total |   1349 |   1335 |     14 |      0 |    838 |   4 |  337.2 |
       Dungeon |   1349 |   1335 |     14 |      0 |    838 |   4 |  337.2 |
               +--------+--------+--------+--------+--------+-----+--------+

Top non-repeatable levels by time:
     D:3: 546 daAuts
     D:1: 416 daAuts
     D:2: 336 daAuts
     D:4: 49 daAuts
